 Dungeon Crawl Stone Soup version 0.30-a0-605-gb2882149bf (webtiles) character file.

Game seed: 14522355750019648113

93853 oldriver the Warrior (level 16, -6/205 HPs)
             Began as a Formicid Wanderer on Jan 7, 2023.
             Was an Elder of Uskayaw.
             Mangled by a merfolk
             ... wielding a +0 trident
              (12 damage)
             ... on level 1 of the Shoals.
             The game lasted 01:29:14 (39040 turns).

oldriver the Warrior (Formicid Wanderer)           Turns: 39040, Time: 01:29:15

Health: -6/205     AC: 28    Str: 21    XL:     16   Next: 58%
Magic:  18/26      EV:  2    Int: 16    God:    Uskayaw [****..]
Gold:   808        SH: 11    Dex: 13    Spells: 18/19 levels left

rFire   . . .      SeeInvis .    P - +5 rapier (elec)
rCold   . . .      Faith    +    e - +1 kite shield {reflect}
rNeg    . . .      Spirit   .    (body armour currently unavailable)
rPois   +          Reflect  +    (helmet unavailable)
rElec   .          Harm     .    (cloak currently unavailable)
rCorr   .          Rampage  .    (gloves currently unavailable)
Will    ++...                    (boots currently unavailable)
Stlth   ++++                     F - amulet of faith
HPRegen 0.54/turn                s - +4 ring of slaying
MPRegen 0.20/turn                r - ring of willpower

@: tree-form, marked, mesmerised
A: stationary, stasis, torment immunity, boosted hp, permanent stasis, dig
shafts and tunnels, (antennae 3), four strong arms
a: Renounce Religion, Stomp, Line Pass


You were on level 1 of the Shoals.
You worshipped Uskayaw.
Uskayaw was pleased with you.
You were a tree.
You visited 6 branches of the dungeon, and saw 23 of its levels.
You also visited: Bailey.

You collected 2532 gold pieces.
You spent 1724 gold pieces at shops.

Inventory:

Hand Weapons
 P - a +5 rapier of electrocution (weapon)
Missiles
 G - 23 boomerangs (quivered)
 I - 8 curare-tipped darts
 J - 14 poisoned darts
 K - 2 throwing nets
Armour
 e - a +1 kite shield of reflection (worn)
 g - a +0 pair of gloves (melded)
 y - the +1 ring mail "Uclokhel" {rCorr Str+9 Dex-2 SInv}
   (You found it on level 12 of the Dungeon)

   Str:       It affects your strength (+9).
   Dex:       It affects your dexterity (-2).
   SInv:      It lets you see invisible.
   rCorr:     It protects you from acid and corrosion.
 z - the +0 ring mail of the Three Runes (melded) {MP-9 Str+3 Int+2 Dex+6}
   (You bought it in a shop on level 7 of the Dungeon)

   Str:       It affects your strength (+3).
   Int:       It affects your intelligence (+2).
   Dex:       It affects your dexterity (+6).
   MP:        It affects your magic capacity (-9).
 D - a +2 pair of boots of rampaging (melded)
 L - a +2 cloak of poison resistance (melded)
 S - a +1 leather armour of fire resistance
Jewellery
 j - a +4 ring of protection
 o - an amulet of regeneration
 p - a +6 ring of dexterity
 q - a ring of resist corrosion
 r - a ring of willpower (right branch)
 s - a +4 ring of slaying (left branch)
 u - a ring of positive energy
 F - an amulet of faith (around neck)
 H - a ring of protection from cold
 Q - a ring of protection from cold
Wands
 d - a wand of digging (9)
 l - a wand of iceblast (26)
 t - a wand of flame (10)
 C - a wand of charming (9)
 E - a wand of acid (18)
 R - a wand of polymorph (4)
Scrolls
 b - a scroll of butterflies
 c - 2 scrolls of brand weapon
 f - 2 scrolls of identify
 m - 2 scrolls of amnesia
 A - 2 scrolls of poison
 N - a scroll of fog
 Y - a scroll of immolation
Potions
 h - 2 potions of curing
 k - 8 potions of flight
 n - 3 potions of mutation
 v - 2 potions of lignification
 w - 2 potions of resistance
 x - 3 potions of degeneration
 B - 3 potions of magic
 M - 2 potions of berserk rage {unknown}
 O - a potion of invisibility {unknown}
 T - 2 potions of might
 U - 3 potions of ambrosia
Miscellaneous
 V - a tin of tremorstones (inert)
 X - a lightning rod (4/4)


   Skills:
 - Level 15.6 Fighting
 * Level 12.1 Short Blades
 - Level 2.0 Throwing
 - Level 13.1 Armour
 - Level 6.1 Dodging
 - Level 9.0 Stealth
 - Level 8.2 Shields
 - Level 2.0 Spellcasting
 - Level 2.0 Fire Magic
 - Level 14.2 Invocations
 - Level 9.0 Evocations


You had 18 spell levels left.
You knew the following spells:

 Your Spells              Type           Power      Damage    Failure   Level
a - Foxfire               Conj/Fire      16%        2x1d4     26%         1

Your spell library contained the following spells:

 Spells                   Type           Power      Damage    Failure   Level
 Beastly Appendage        Tmut           2%         N/A       38%         1
 Freeze                   Ice            4%         1d3       38%         1
 Sandblast                Erth           2%         2d4       38%         1
 Momentum Strike          Conj/Tloc      2%         3d8       52%         2
 Passwall                 Tmut/Erth      0%         N/A       52%         2
 Wereblood                Tmut           1%         N/A       52%         2
 Ignite Poison            Fire/Tmut/Pois 3%         N/A       67%         3
 Kindle Blastsparks       Fire/Tloc/Air  6%         2d10      67%         3
 Call Canine Familiar     Summ           1%         N/A       77%         3
 Dazzling Flash           Conj/Hex       2%         N/A       77%         3
 Frozen Ramparts          Ice            2%         1d1       77%         3
 Gell's Gravitas          Tloc           1%         N/A       77%         3
 Hailstorm                Conj/Ice       1%         3d3       77%         3
 Lesser Beckoning         Tloc           2%         N/A       77%         3
 Ozocubu's Armour         Ice            1%         N/A       77%         3
 Portal Projectile        Hex/Tloc       2%         N/A       77%         3
 Spider Form              Tmut/Pois      1%         N/A       77%         3
 Stone Arrow              Conj/Erth      2%         3d7       77%         3
 Summon Guardian Golem    Hex/Summ       1%         N/A       77%         3
 Teleport Other           Tloc           1%         N/A       77%         3
 Tukima's Dance           Hex            1%         N/A       77%         3
 Vhi's Electric Charge    Tloc/Air       2%         N/A       77%         3
 Sticky Flame             Conj/Fire      4%         2d3       95%         4
 Ice Form                 Ice/Tmut       1%         N/A       99%         4
 Leda's Liquefaction      Hex/Erth       0%         N/A       99%         4
 Petrify                  Tmut/Erth      1%         N/A       99%         4
 Summon Ice Beast         Ice/Summ       1%         N/A       99%         4
 Agony                    Necr           1%         N/A       100%        5
 Arcjolt                  Conj/Air       0%         1d10      100%        5
 Blade Hands              Tmut           0%         N/A       100%        5
 Metabolic Englaciation   Hex/Ice        0%         N/A       100%        5
 Silence                  Hex/Air        0%         N/A       100%        5
 Summon Forest            Summ/Tloc      0%         N/A       100%        5
 Summon Mana Viper        Hex/Summ       1%         N/A       100%        5
 Dispersal                Tloc           0%         N/A       100%        6
 Simulacrum               Ice/Necr       0%         N/A       100%        6
 Statue Form              Tmut/Erth      0%         N/A       100%        6
 Summon Cactus Giant      Summ           0%         N/A       100%        6
 Orb of Destruction       Conj           0%         9d5       100%        7
 Spellforged Servitor     Conj/Summ      0%         N/A       100%        7
 Ignition                 Fire           4%         3d4       100%        8
 Maxwell's Capacitive Co  Air            0%         ∞         100%        8
 Blink                    Tloc           Unusable   N/A       N/A         2

Dungeon Overview and Level Annotations

Branches:
Dungeon (13/15)            Temple (1/1) D:5            Lair (5/5) D:8
 Shoals (1/4) Lair:3       Spider (1/4) Lair:2        Slime (0/5) Lair:4
    Orc (2/2) D:10            Elf (0/3) Orc:2        Bailey (visited)
 Vaults: D:13-14

Altars:
Ashenzari
Cheibriados
Dithmenos
Elyvilon
Fedhas
Gozag
Hepliaklqana
Kikubaaqudgha
Makhleb
Nemelex Xobeh
Okawaru
Qazlal
Ru
Sif Muna
Trog
Uskayaw
Vehumet
Wu Jian
Xom
Yredelemnul
Zin
The Shining One
Jiyva

Shops:
D:7 *[   D:11 *   Orc:2 =[(*

Annotations:
D:6 1 runed translucent door, Crazy Yiuf
D:11 2 transporters, 2 runed translucent doors, kairosrom117's ghost, journeyman DrFE
Lair:4 Snorg


Innate Abilities, Weirdness & Mutations

You are a tree.
Your roots penetrate the ground, keeping you stationary.
You cannot be teleported.
You are immune to unholy pain and torment.
Your maximum health is greatly increased.
Your equipment is partially melded.
You cannot be hasted, slowed, berserked, paralysed or teleported.
You can dig through walls and to a lower floor.
((You have a pair of large antennae on your head. (SInv)))
Your four strong arms can wield two-handed weapons with a shield.


Message History

You block the manticore's attack. The manticore claws you!
* * * LOW HITPOINT WARNING * * *
The manticore claws you but does no damage.
The merfolk siren chants its luring song.
A dream sheep comes into view.
You block the snapping turtle's attack.
You hit the manticore.
The manticore is severely wounded.
A merfolk siren comes into view. It is wielding a +0 spear.
You block the manticore's attack.
The manticore claws you but does no damage.
The manticore claws you!
* * * LOW HITPOINT WARNING * * *
The snapping turtle bites you but does no damage.
You block the harpy's attack. The harpy claws you but does no damage.
The merfolk hits you from afar with a +0 trident.
* * * LOW HITPOINT WARNING * * *
The merfolk siren chants its luring song.
The merfolk siren hits you but does no damage.
The snapping turtle bites you from afar!
* * * LOW HITPOINT WARNING * * *
The merfolk siren chants a haunting song.
Okay, then.
Okay, then.
Okay, then.
Okay, then.
Okay, then.
Okay, then.
You feel better.
The merfolk siren is no longer sharing its pain.
The harpy claws you but does no damage. You block the harpy's attack.
The manticore bites you.
* * * LOW HITPOINT WARNING * * *
You block the manticore's attack.
The manticore claws you but does no damage.
The snapping turtle bites you but does no damage.
A water nymph comes into view.
The merfolk siren chants its luring song.
The merfolk hits you from afar with a +0 trident!
You die...

≈≈≈~~~~~~~~~~~~~~~~≈≈~
≈≈≈≈≈~~~~~~.>m~(m~~≈≈~~~
≈≈≈≈≈≈≈~~..#Y~~~~~≈≈≈≈~~~....~
~≈≈≈≈≈≈~~..#.H~~~≈≈≈≈≈≈~~~~~~~
~≈≈≈≈≈≈~~.....~~~≈≈≈≈≈≈~~~~~~~
~≈≈≈≈≈≈~~~..~~~~~~~~≈≈≈≈~~~~≈≈
~≈≈≈≈≈≈≈~~~~.~mEm.t~≈≈≈≈~~~~..
~~~≈≈≈≈≈~~~~~~t†...)~~~≈~~~~.#
~.~~≈≈≈≈≈~~~~~.H♣..~).~≈~~~~..
.~~~≈~~~≈~~~~~.##)H~).÷~~~~~..
~~~~~~~~≈≈~~~~....m...<~~~~~~.
~~~≈~~~~~~~~.~...##..~.÷~~~~~~
~~≈≈~~~~~~~~~~....##..~~~~~~~~
~≈≈≈≈~~~~~~~...#......)~~~~≈≈~
≈≈≈≈≈≈≈≈≈~~~..###..~.~~~~~≈≈≈≈
≈≈≈≈≈≈≈~~~~~~..##.~)~~~~~≈≈≈≈≈
≈≈≈≈≈≈~~~~~~~~....~~)~~≈≈≈≈≈≈≈


You could see 2 snapping turtles, a merfolk (pain bonded), 2 manticores, a water
elemental, 3 merfolk sirens, a water nymph, a harpy (pain bonded) and a dream
sheep.

Vanquished Creatures
  An orc warlord (Orc:2)
  A dire elephant (Lair:5)
  A fire dragon (Lair:5)
  2 hydras
  2 centaur warriors
  A catoblepas (D:11)
  5 boulder beetles
  2 two-headed ogres
  An orc high priest (Orc:2)
  Lodul (D:12)
  A skeletal warrior (D:11)
  2 sea snakes
  A swamp dragon (Lair:5)
  An orb spider (Lair:2)
  8 orc knights
  A deep elf pyromancer (D:13)
  Pikel (D:7)
  A wolf spider (Lair:5)
  14 harpies
  4 orc sorcerers
  6 fauns
  6 oklob plants (Lair:4)
  2 cyclopes (D:11)
  Joseph (Lair:1)
  47 elephants
  2 manticores
  2 merfolk sirens (Shoals:1)
  A demonic crawler (Lair:2)
  A black mamba (Lair:5)
  A torpor snail (Lair:3)
  2 water nymphs (Shoals:1)
  14 cane toads
  3 gargoyles
  3 unseen horrors
  3 kobold demonologists
  3 rime drakes
  9 komodo dragons
  3 trolls
  3 merfolk
  A hornet (D:8)
  3 polar bears
  Grinder (D:5)
  21 blink frogs
  A culicivora (Lair:2)
  7 slime creatures
  A vampire (D:8)
  A jumping spider (Lair:2)
  4 shadows
  7 wyverns
  A water elemental (Lair:3)
  53 yaks
  A fire bat (Lair:5)
  4 steam dragons
  6 basilisks
  4 redbacks (Lair:2)
  4 vampire mosquitoes
  7 acid dragons
  2 wargs (Orc:2)
  An acid dragon (shapeshifter) (D:11)
  11 water moccasins
  3 black bears
  38 orc warriors
  2 ice beasts
  A sky beast (D:7)
  14 ogres
  14 centaurs
  15 wolves
  3 lemures (D:7)
  5 kobold brigands (D:10)
  16 bullfrogs
  3 scorpions
  3 necrophages
  4 gnoll sergeants
  4 wights (D:7)
  5 howler monkeys
  2 lava snakes (Lair:4)
  3 hounds
  8 jellies
  A gnoll bouda (D:8)
  16 orc priests
  7 iguanas
  Ijyb (D:5)
  31 orc wizards
  9 hell rats
  Robin (D:3)
  18 gnolls
  10 adders
  2 shadow imps
  3 worms
  3 dart slugs
  69 orcs
  3 endoplasms
  3 giant cockroaches
  16 hobgoblins
  23 kobolds
  4 quokkas
  7 ball pythons
  5 bats
  5 frilled lizards
  27 goblins
  6 rats
717 creatures vanquished.

Vanquished Creatures (collateral kills)
  A yak (D:9)
  A goblin (Bailey)
  5 kobolds (Bailey)
7 creatures vanquished.

Vanquished Creatures (others)
  A centaur warrior (D:11)
  2 sea snakes (Shoals:1)
  3 bushes
  43 fungi
  79 plants
  42 withered plants
170 creatures vanquished.

Grand Total: 894 creatures vanquished

Notes
Turn   | Place    | Note
-------+----------+-------------------------------------------
     0 | D:1      | oldriver the Formicid Wanderer began the quest for the Orb.
     0 | D:1      | oldriver set off with the following items: a +1 rapier, a
                  | scroll of butterflies, a +0 leather armour; and the
                  | following spell memorised: Foxfire; and the following
                  | spells available to memorise: Kindle Blastsparks.
     0 | D:1      | Reached XP level 1. HP: 20/20 MP: 2/2
   169 | D:1      | Reached skill level 1 in Stealth
   198 | D:1      | Reached XP level 2. HP: 20/26 MP: 3/3
   488 | D:1      | Found a faded altar of an unknown god.
   676 | D:1      | Reached XP level 3. HP: 32/32 MP: 4/4
   911 | D:2      | Reached skill level 5 in Fighting
  1390 | D:2      | Reached XP level 4. HP: 33/39 MP: 5/5
  2046 | D:3      | Reached XP level 5. HP: 44/44 MP: 6/6
  3380 | D:4      | Noticed a black bear
  3578 | D:4      | Noticed Robin
  3637 | D:3      | Killed Robin
  3787 | D:4      | Found a glowing golden altar of the Shining One.
  3814 | D:4      | Reached XP level 6. HP: 52/52 MP: 7/7
  3815 | D:4      | Found a white marble altar of Elyvilon.
  3816 | D:4      | Noticed an ogre
  3826 | D:4      | Killed an ogre
  3827 | D:4      | Reached skill level 6 in Fighting
  3827 | D:4      | Reached skill level 5 in Stealth
  4178 | D:4      | Killed a black bear
  4179 | D:4      | Reached XP level 7. HP: 52/58 MP: 8/8
  4685 | D:4      | Noticed a wyvern
  5009 | D:5      | Entered Level 5 of the Dungeon
  5062 | D:5      | Found a staircase to the Ecumenical Temple.
  5174 | D:5      | Noticed Grinder
  5177 | D:5      | Killed Grinder
  5178 | D:5      | Reached skill level 1 in Armour
  5178 | D:5      | Reached skill level 1 in Dodging
  5178 | D:5      | Reached XP level 8. HP: 65/65 MP: 9/9
  5433 | Temple   | Entered the Ecumenical Temple
  5605 | Temple   | Became a worshipper of Uskayaw the Reveller
  5641 | D:5      | Reached * piety under Uskayaw
  5876 | D:5      | Noticed Ijyb
  5880 | D:5      | Killed Ijyb
  5880 | D:5      | Reached ** piety under Uskayaw
  6041 | D:6      | Found a sparkling altar of Nemelex Xobeh.
  6143 | D:6      | Reached skill level 5 in Short Blades
  6175 | D:6      | Reached skill level 7 in Fighting
  6472 | D:6      | Reached skill level 1 in Invocations
  6617 | D:6      | Reached XP level 9. HP: 64/72 MP: 10/10
  6718 | D:6      | Found a runed translucent door.
  6719 | D:6      | Noticed Crazy Yiuf
  7701 | D:7      | Found Qohamomo's Antique Armour Shoppe.
  7707 | D:7      | Bought a translucent ring mail for 252 gold pieces
  7707 | D:7      | Identified the +0 ring mail of the Three Runes {MP-9 Str+3
                  | Int+2 Dex+6} (You bought it in a shop on level 7 of the
                  | Dungeon)
  7806 | D:7      | Noticed a manticore
  7810 | D:7      | Killed a manticore
  7811 | D:7      | Reached skill level 8 in Fighting
  7818 | D:7      | Reached *** piety under Uskayaw
  7913 | D:7      | Found Dafaockiakh's Elemental Accessories.
  8010 | D:7      | Noticed Pikel
  8049 | D:7      | Reached **** piety under Uskayaw
  8055 | D:7      | Reached ***** piety under Uskayaw
  8061 | D:7      | Killed Pikel
  8062 | D:7      | Reached skill level 5 in Invocations
  8062 | D:7      | Reached XP level 10. HP: 31/82 MP: 0/13
  8410 | D:7      | Reached skill level 9 in Fighting
  9006 | D:8      | Noticed a two-headed ogre
  9007 | D:8      | Found a flagged portal.
  9029 | D:8      | Killed a two-headed ogre
  9173 | Bailey   | Entered a bailey
  9189 | Bailey   | Identified the +2 pearl dragon scales of Happy Babbling
                  | {*Corrode rN+ Int+8}
  9201 | Bailey   | Noticed an orc knight
  9366 | Bailey   | Killed an orc knight
 10061 | Bailey   | Reached skill level 10 in Fighting
 11163 | D:8      | Found a staircase to the Lair.
 11211 | D:8      | Reached XP level 11. HP: 90/90 MP: 7/16
 11755 | D:9      | You fall into a shaft and drop 3 floors!
 11769 | D:10     | Entered Level 10 of the Dungeon
 11935 | D:9      | Noticed a centaur warrior
 12230 | D:9      | Reached skill level 5 in Armour
 12493 | D:9      | Killed a centaur warrior
 13254 | Lair:1   | Entered Level 1 of the Lair of Beasts
 13325 | Lair:1   | Reached skill level 10 in Short Blades
 13462 | Lair:1   | Reached skill level 11 in Fighting
 13869 | Lair:1   | Reached XP level 12. HP: 97/100 MP: 9/18
 13938 | Lair:1   | Noticed Joseph
 13946 | Lair:1   | Reached skill level 1 in Evocations
 13947 | Lair:1   | Killed Joseph
 14768 | Lair:2   | Found a hole to the Spider Nest.
 14768 | Lair:2   | Noticed an orb spider
 15133 | Lair:2   | Noticed a boulder beetle
 15578 | D:7      | Bought a lightning rod (4/4) for 360 gold pieces
 15578 | D:7      | Bought a wand of iceblast (6) for 172 gold pieces
 16208 | Lair:2   | Killed a boulder beetle
 16209 | Lair:2   | Reached skill level 10 in Invocations
 16995 | Lair:3   | Reached skill level 1 in Shields
 17138 | Lair:3   | Reached skill level 12 in Fighting
 17352 | Lair:3   | Found a staircase to the Shoals.
 17523 | Lair:3   | Reached skill level 5 in Evocations
 17529 | Lair:3   | Reached XP level 13. HP: 73/108 MP: 7/20
 18204 | Lair:3   | Reached skill level 5 in Shields
 18509 | Lair:3   | Reached ****** piety under Uskayaw
 18510 | Lair:3   | Reached skill level 13 in Fighting
 18734 | Lair:3   | Noticed a six-headed hydra
 18737 | Lair:3   | Killed a six-headed hydra
 19635 | Lair:4   | Found a viscous altar of Jiyva.
 19648 | Lair:4   | Noticed a five-headed hydra
 19654 | Lair:4   | Killed a five-headed hydra
 19861 | Lair:4   | Found a staircase to the Slime Pits.
 20013 | Lair:4   | Reached skill level 10 in Armour
 20258 | Lair:3   | Identified a scroll of acquirement
 20258 | Lair:3   | Acquired a +1 pair of boots of rampaging
 21064 | Lair:4   | Reached XP level 14. HP: 108/118 MP: 13/22
 21321 | Lair:5   | Entered Level 5 of the Lair of Beasts
 21664 | Lair:5   | Noticed Sonja
 21667 | Lair:5   | Sonja changed into Sonja the fire bat
 21667 | Lair:5   | Noticed Sonja
 21672 | Lair:5   | Killed Sonja the fire bat
 21923 | Lair:5   | Identified the +0 robe of the Ward {Str+4}
 22669 | Lair:5   | Reached skill level 14 in Fighting
 23597 | Lair:5   | Reached skill level 5 in Dodging
 24354 | Lair:5   | Noticed a dire elephant
 24362 | Lair:5   | Killed a dire elephant
 24995 | D:10     | Found a staircase to the Orcish Mines.
 25050 | D:10     | Reached XP level 15. HP: 99/127 MP: 15/24
 25791 | D:11     | Found Jubeul's Mayhem Merchandise.
 25896 | D:11     | Found a transporter.
 25907 | D:11     | Found a transporter.
 25907 | D:11     | Noticed kairosrom117's ghost (journeyman DrFE)
 26595 | D:12     | Identified the +1 ring mail "Uclokhel" {rCorr Str+9 Dex-2
                  | SInv}
 28337 | Lair:4   | Reached skill level 15 in Fighting
 28732 | Lair:4   | Noticed Snorg
 30346 | D:12     | Noticed Lodul
 30413 | Orc:1    | Entered Level 1 of the Orcish Mines
 31839 | Orc:2    | Entered Level 2 of the Orcish Mines
 32710 | Orc:2    | Found a staircase to the Elven Halls.
 33326 | Orc:2    | Noticed an orc warlord
 34147 | Orc:2    | Killed an orc warlord
 34352 | Orc:2    | Found Cedoets's General Store.
 34507 | Orc:2    | Found Senukif's Antique Armour Shop.
 34560 | Orc:2    | Found Gierioj's Jewellery Shop.
 34575 | Orc:2    | Found Yblaufur's Antique Weapon Shop.
 34598 | Orc:2    | Bought a glowing cloak for 180 gold pieces
 34598 | Orc:2    | Bought a ring mail for 96 gold pieces
 34598 | Orc:2    | Bought an opal-encrusted leather armour for 168 gold pieces
 34598 | Orc:2    | Identified the +1 leather armour of the Dropbear {rPois
                  | Will+} (You bought it in a shop on level 2 of the Orcish
                  | Mines)
 34598 | Orc:2    | Bought a faintly humming robe for 136 gold pieces
 34598 | Orc:2    | Identified the +1 robe of Sin {Harm *Corrode rPois Dex+8}
                  | (You bought it in a shop on level 2 of the Orcish Mines)
 34642 | Orc:2    | Bought a transparent quarterstaff for 360 gold pieces
 34642 | Orc:2    | Identified the +8 quarterstaff "Derumiph" {venom, rC++}
                  | (You bought it in a shop on level 2 of the Orcish Mines)
 34776 | D:12     | Killed Lodul
 35264 | D:11     | Reached XP level 16. HP: 136/136 MP: 26/26
 35320 | D:11     | Found a runed translucent door.
 35353 | D:11     | Found the +5 demon whip "Spellbinder" {antimagic, Will+}
 35374 | D:11     | Found a runed translucent door.
 37114 | Spider:1 | Entered Level 1 of the Spider Nest
 37712 | Shoals:1 | Entered Level 1 of the Shoals
 39039 | Shoals:1 | HP: 2/205 [snapping turtle (17)]
 39040 | Shoals:1 | Mangled by a merfolk

Illustrated notes

Levels and vault maps discovered:
D:1:      saegor_arrival_simple_e, layout_loops_ring,
          ebering_ecumenical_altar_box, chequers_hall_statues_wall_a
D:2:      layout_basic
D:3:      minmay_angry_zag, layout_basic
D:4:      layout_basic, tso_metal_star,
          mainiacjoe_overflow_concentric_impassable, minmay_divided_ellipse,
          uniq_robin
D:5:      layout_loops_ring, temple_green, uniq_ijyb, uniq_grinder
D:6:      layout_basic, nemelex_xobeh_ov_fountains_minmay, minmay_misc_feat_x,
          uniq_crazy_yiuf_cottage
D:7:      layout_loops_ring, serial_shops, shop_fountains,
          nicolae_elemental_shop, amcnicky_mini_pool_medium, uniq_pikel
D:8:      layout_loops_cross, lair_entry_dummy, enter_bailey_5,
          nzn_life_drinkers
D:9:      layout_stronghold, minmay_chambers_of_fives
D:10:     layout_layer_cave, kennysheep_orc_monster_closet_entryway,
          kennysheep_big_empty_room
D:11:     minmay_the_grid_four_pointed_star_mashed
          [minmay_the_grid_triangle_9x9_intruding_spiral,
          minmay_the_grid_triangle_9x9_swiss_cheese,
          minmay_the_grid_triangle_9x9_tough_junction,
          minmay_the_grid_triangle_9x9_thin_v,
          minmay_the_grid_prize_shrinking_boxes], layout_basic,
          gammafunk_ghost_hive, minmay_shop_mayhem
D:12:     layout_rooms, argonaut_gorgonesque, uniq_lodul
D:13:     layout_cave_pools, david_vaults_1, serial_park, serial_park_square3
          [serial_park_minivault_5x5_5], serial_park_gazebo
          [serial_park_minivault_5x5_8], serial_park_tiny_2, serial_park_square3
          [serial_park_minivault_5x5_4], david_greed, uniq_rupert
Temple:   nicolae_temple_bog_church
Lair:1:   layout_cave_pods, uniq_joseph
Lair:2:   layout_chaotic_city, nicolae_spider_entry_orb_guardian,
          lemuel_fruit_tree
Lair:3:   layout_small_grid, minmay_shoals_entry_centaurs,
          cheibrodos_lair_caveside_slide, pdpol_lair_neglected_garden,
          minmay_lindwurm_lava
Lair:4:   cheibrodos_magma_flow, layout_gridlike,
          nicolae_slime_entry_field_trip, dpeg_oklob_1, grunt_megastairs_4,
          uniq_snorg
Lair:5:   guppyfry_lair_end_dragon, layout_hall_layers,
          hangedman_lair_in_review, nicolae_lair_grazing_beasts
          [nicolae_sub_lair_graze_edge, nicolae_sub_lair_graze_edge,
          nicolae_sub_lair_graze_edge, nicolae_sub_lair_graze_edge],
          serial_bayou_shore_a, uniq_sonja
Shoals:1: layout_shoals, nicolae_shoals_enchanted_isle
Spider:1: layout_spider_delve
Orc:1:    nicolae_orc_accident_3, layout_diamond_mine, nicolae_orc_lava_room
Orc:2:    grunt_orc_cross, layout_caves

Skill      XL: |  1  2  3  4  5  6  7  8  9 10 11 12 13 14 15 16 |
---------------+-------------------------------------------------+-----
Stealth        | 1 2 3 4 5 6 8 9 |  9.0
Fighting       | 5 6 7 8 10 11 12 13 14 15 | 15.6
Short Blades   | 3 4 5 6 8 10 12 | 12.1
Armour         | 1 2 4 5 7 10 11 13 | 13.1
Dodging        | 1 2 3 5 6 |  6.1
Invocations    | 1 5 7 9 10 11 12 14 | 14.2
Spellcasting   | 2 |  2.0
Throwing       | 2 |  2.0
Evocations     | 5 7 9 |  9.0
Shields        | 3 6 8 |  8.2
Fire Magic     | |  2.0

Action                   |  1- 3 |  4- 6 |  7- 9 | 10-12 | 13-15 | 16-18 || total
-------------------------+-------+-------+-------+-------+-------+-------++-------
Melee: Rapier            |    38 |       |       |       |    69 |   191 ||   298
       Punch             |     2 |       |     6 |     7 |       |       ||    15
       Dagger            |    53 |   110 |   204 |   592 |  1594 |       ||  2553
Throw: Stone             |       |    13 |    18 |    16 |       |       ||    47
       Dart              |       |     7 |     5 |    16 |     7 |     3 ||    38
       Throwing net      |       |     1 |       |       |       |       ||     1
       Boomerang         |       |       |       |    83 |   364 |    41 ||   488
Invok: Stomp             |       |       |     3 |     5 |    18 |     5 ||    31
       Line Pass         |       |       |       |     3 |     6 |     1 ||    10
       Grand Finale      |       |       |       |       |     3 |       ||     3
Evoke: Wand              |       |       |     4 |    11 |    10 |     8 ||    33
       Lightning rod     |       |       |       |       |     5 |     1 ||     6
       Tin of tremorston |       |       |       |       |     2 |     2 ||     4
  Use: Scroll            |       |    10 |     3 |     1 |    15 |     3 ||    32
       Potion            |       |       |       |     1 |     6 |     6 ||    13
 Stab: Sleeping          |     4 |    11 |    11 |    12 |    11 |     1 ||    50
       Paralysed         |       |       |     2 |    21 |    84 |    14 ||   121
       Distracted        |       |       |     1 |     5 |     4 |       ||    10
       Confused          |       |       |       |     2 |     6 |       ||     8
Armor: Leather armour    |    19 |    28 |    18 |       |     9 |       ||    74
       Ring mail         |       |       |    10 |   117 |   306 |   162 ||   595
       Troll leather arm |       |       |       |       |     5 |       ||     5
       Skin              |       |       |       |       |     1 |    24 ||    25
Dodge: Dodged            |    37 |    61 |    72 |   203 |   573 |   174 ||  1120
Block: Buckler           |       |       |       |    27 |   341 |    25 ||   393
       Kite shield       |       |       |       |       |       |   186 ||   186
       Reflection        |       |       |       |       |       |    22 ||    22

Table legend: (Time is in decaauts)
 A = Elapsed time spent in this place.
 B = Non-inter-level travel time spent in this place.
 C = Inter-level travel time spent in this place.
 D = Time resting spent in this place.
 E = Time spent auto-exploring this place.
 F = Levels seen in this place.
 G = Mean time per level.
                   A        B        C        D        E       F      G
               +--------+--------+--------+--------+--------+-----+--------+
         Total |  38136 |  35424 |   2712 |  10328 |  16144 |  24 | 1589.0 |
       Dungeon |  18092 |  16441 |   1651 |   3589 |   9176 |  13 | 1391.7 |
        Temple |    184 |    165 |     19 |      0 |    141 |   1 |  184.0 |
          Lair |  13719 |  12844 |    875 |   4712 |   4900 |   5 | 2743.8 |
        Shoals |    492 |    492 |      0 |    197 |    103 |   1 |  492.0 |
   Spider Nest |     21 |     21 |      0 |      0 |      0 |   1 |   21.0 |
  Orcish Mines |   3944 |   3778 |    166 |    903 |   1503 |   2 | 1972.0 |
        Bailey |   1682 |   1682 |      0 |    926 |    320 |   1 | 1682.0 |
               +--------+--------+--------+--------+--------+-----+--------+

Top non-repeatable levels by time:
  Lair:5: 3836 daAuts
  Lair:3: 3429 daAuts
  Lair:4: 3030 daAuts
    D:11: 2381 daAuts
   Orc:2: 2051 daAuts
    D:10: 2021 daAuts
  Lair:2: 1999 daAuts
    D:12: 1997 daAuts
   Orc:1: 1892 daAuts
     D:2: 1878 daAuts
     D:9: 1703 daAuts
     D:4: 1685 daAuts
  Bailey: 1682 daAuts
  Lair:1: 1425 daAuts
     D:5: 1223 daAuts
